Map: Blueshift LE

Players

Smileblind

  • Race: Protoss Protoss
  • League: Silver
  • Spawn Location: 7:00

GoatLegs - Winner!

  • Race: Terran Terran
  • League: Silver
  • Spawn Location: 1:00

VOD

Have the link to the VOD?

Description

Time

  • Played on: Jan. 16, 2019, 1:36 a.m.
  • Length: 25:17
Show
View Real Time Build Order
Export as new Build Order

Smileblind Protoss 

Build Orders:  

Get SALT Encoding   

  12  0:02  Probe  
  13  0:16  Pylon  
  13  0:17  Probe  
  14  0:26  Probe  
  14  0:34  Probe  
  16  0:43  Forge  
  16  0:44  Probe  
  17  0:55  Probe  
  18  1:02  Gateway  
  18  1:03  Probe  
  18  1:11  Probe  
  19  1:16  Pylon  
  20  1:19  Assimilator  
  20  1:30  Photon Cannon  
  20  1:40  Photon Cannon  
  20  1:45  Assimilator  
  20  1:52  Cybernetics Core  
  20  1:57  Zealot  
  22  2:10  Gateway  
  22  2:12  Probe  
  22  2:20  Probe  
  24  2:30  Stalker, Probe  
  24  2:36  Warp Gate  
  27  2:42  Probe  
  28  2:48  Shield Battery  
  28  2:58  Adept  
  28  2:59  Pylon  
  30  3:14  Adept  
  32  3:29  Nexus  
  32  3:31  Adept  
  34  3:41  Adept  
  36  3:50  Shield Battery  
  36  3:52  Probe  
  37  4:04  Probe  
  37  4:06  Photon Cannon  
  38  4:16  Probe  
  39  4:19  Gateway  
  39  4:22  Pylon  
  39  4:28  Assimilator  
  39  4:35  Assimilator  
  39  4:40  Probe  
  39  4:43  Pylon  
  40  4:47  Stalker  
  40  4:52  Stalker  
  44  4:57  Probe  
  45  5:09  Probe, Twilight Council  
  44  5:49  Charge  
  36  6:02  Stalker  
  36  6:03  Stalker x2  
  40  6:20  Photon Cannon  
  40  6:24  Probe  
  40  6:26  Photon Cannon  
  40  6:27  Photon Cannon  
  40  6:29  Dark Shrine  
  40  6:32  Probe  
  41  6:41  Probe  
  41  6:53  Probe  
  42  7:05  Probe  
  43  7:09  Photon Cannon  
  43  7:12  Zealot x3  
  43  7:14  Photon Cannon  
  49  7:17  Probe  
  50  7:29  Shield Battery  
  51  7:30  Probe  
  51  7:32  Photon Cannon  
  51  7:37  Shield Battery  
  51  7:41  Stargate  
  51  7:42  Stargate, Probe  
  52  7:44  Blink  
  52  7:47  Assimilator  
  52  7:48  Dark Templar  
  54  7:51  Dark Templar  
  54  7:54  Probe  
  57  7:59  Dark Templar  
  59  8:06  Probe  
  60  8:18  Probe  
  61  8:31  Gateway  
  61  8:33  Gateway  
  59  8:35  Gateway  
  57  9:10  Dark Templar  
  57  9:11  Dark Templar x2  
  57  9:59  Void Ray x2  
  63  10:11  Zealot x2  
  63  10:13  Zealot  
  69  10:37  Nexus  
  69  10:46  Pylon  
  69  10:49  Pylon  
  69  11:04  Void Ray x2  
  69  11:07  Photon Cannon  
  69  11:09  Photon Cannon  
  77  11:13  Photon Cannon  
  65  11:38  Dark Templar x3  
  65  11:39  Dark Templar  
  73  11:46  Void Ray  
  73  11:47  Void Ray  
  73  11:48  Probe  
  82  11:56  Probe  
  83  12:06  Probe  
  72  12:18  Probe  
  69  12:26  Dark Templar  
  69  12:27  Dark Templar x2  
  69  12:29  Void Ray  
  79  12:30  Probe  
  80  12:41  Gateway  
  80  12:42  Probe  
  81  12:44  Gateway  
  81  12:48  Pylon  
  81  12:54  Probe  
  82  12:59  Dark Templar x2  
  86  13:06  Probe  
  87  13:18  Probe  
  82  13:30  Probe  
  79  13:39  Probe  
  75  13:47  Probe  
  76  13:52  Oracle x2  
  83  13:57  Probe  
  84  14:08  Dark Templar x2  
  84  14:09  Dark Templar, Probe  
  91  14:17  Dark Templar  
  91  14:19  Zealot  
  91  14:21  Probe, Sentry  
  98  14:28  Void Ray  
  98  14:29  Void Ray  
  98  15:11  Void Ray  
  96  15:16  Void Ray  
  100  15:30  Assimilator  
  100  15:35  Shield Battery  
  100  15:37  Shield Battery  
  100  15:40  Stargate  
  100  15:54  Void Ray  
  104  15:59  Void Ray  
  102  16:37  Void Ray  
  96  16:48  Void Ray  
  96  16:53  Zealot x4  
  108  17:05  Assimilator  
  108  17:43  Nexus, Pylon  
  90  17:45  Assimilator x2, Pylon x2  
  62  17:55  Dark Templar x4  
  64  18:05  Stalker  
  58  18:07  Zealot  
  54  18:22  Photon Cannon  
  54  18:25  Zealot  
  54  18:30  Dark Templar  
  52  18:35  Dark Templar  
  52  18:36  Dark Templar x2  
  52  18:38  Void Ray x2  
  56  18:59  Stalker x2  
  56  19:00  Stalker  
  48  19:16  Dark Templar  
  42  19:35  Dark Templar  
  44  20:03  Photon Cannon  
  44  20:05  Probe  
  44  20:14  Probe  
  46  20:23  Void Ray  
  50  20:30  Probe  
  51  20:38  Probe  
  51  20:40  Zealot  
  54  20:44  Void Ray  
  54  20:48  Probe  
  59  20:57  Probe  
  59  21:00  Probe  
  61  21:09  Probe  
  62  21:12  Probe  
  49  22:03  Dark Templar  
  49  22:06  Zealot  
  49  22:07  Zealot  
  49  22:13  Zealot  
  45  22:25  Dark Templar  
  45  22:29  Zealot x3  
  51  22:30  Zealot  
  41  22:46  Zealot  
  41  22:52  Stalker x4  
  34  23:09  Zealot  
  32  23:15  Zealot  
  32  23:16  Zealot x3  
  40  23:26  Stargate  
  37  23:28  Stargate  
  37  23:30  Stargate  
  29  23:35  Zealot  
  29  23:36  Zealot  
  33  23:47  Stalker x3  
  25  24:03  Gateway  
  25  24:06  Gateway  
  25  24:09  Gateway  
  25  24:13  Gateway  
  25  24:15  Void Ray  
  25  24:16  Photon Cannon  
  29  24:30  Zealot  
Show
View Real Time Build Order
Export as new Build Order

GoatLegs Terran - Winner!

Build Orders: Mech 

Get SALT Encoding   

  12  0:01  SCV  
  13  0:13  SCV  
  14  0:22  Supply Depot  
  14  0:27  SCV  
  15  0:44  SCV  
  15  0:47  Barracks  
  16  0:54  Refinery  
  16  0:56  SCV  
  17  1:08  SCV  
  18  1:20  SCV  
  19  1:32  SCV  
  20  1:39  Reaper  
  21  1:44  Refinery  
  21  1:50  Command Center  
  21  2:16  Bunker  
  21  2:19  Barracks Reactor, Orbital Command  
  21  2:33  Factory  
  20  2:46  SCV  
  21  2:58  SCV  
  22  3:03  Orbital Command  
  22  3:05  Supply Depot  
  22  3:09  Marine x2  
  22  3:10  SCV  
  25  3:20  Factory Tech Lab  
  25  3:24  Starport  
  25  3:27  Marine  
  25  3:28  SCV  
  25  3:30  SCV  
  25  3:33  Marine  
  29  3:40  Supply Depot  
  28  3:43  SCV x2  
  30  3:49  Marine  
  30  3:50  Marine  
  32  4:02  SCV x2, Refinery  
  34  4:09  Marine x2  
  36  4:14  SCV  
  37  4:19  Banshee  
  37  4:20  Cloaking Field  
  40  4:24  SCV, Supply Depot  
  40  4:27  Factory Tech Lab, Marine  
  42  4:37  Factory  
  42  4:48  Siege Tank  
  42  4:50  Marine  
  42  4:51  Marine  
  47  4:55  Refinery  
  47  5:03  SCV  
  48  5:08  Marine  
  48  5:09  SCV  
  48  5:10  Factory  
  50  5:15  SCV  
  50  5:16  Supply Depot  
  50  5:17  Banshee  
  52  5:36  Marine x2  
  52  5:39  Factory Reactor  
  52  5:57  SCV x2  
  50  6:12  Factory Tech Lab  
  50  6:16  SCV x2  
  52  6:25  Marine  
  53  6:30  Supply Depot  
  53  6:37  Command Center  
  53  6:59  Cyclone x2  
  56  7:01  Widow Mine  
  56  7:02  Widow Mine  
  56  7:06  SCV x2  
  62  7:12  Supply Depot  
  62  7:25  Widow Mine x2  
  66  7:36  Factory  
  66  7:38  Factory  
  66  7:39  Liberator  
  69  8:00  SCV x2  
  71  8:16  SCV  
  71  8:19  Armory  
  72  8:21  SCV  
  72  8:22  Armory  
  72  8:23  Orbital Command  
  73  8:31  Factory Tech Lab  
  69  8:39  Factory Tech Lab  
  64  8:45  Refinery  
  63  8:49  Raven  
  58  9:26  SCV x2  
  59  9:38  SCV x2  
  56  9:58  Siege Tank, Hellion  
  56  9:59  Siege Tank x3, Hellion  
  71  10:05  SCV x2  
  73  10:17  SCV  
  74  10:22  Starport Tech Lab  
  74  10:27  Terran Vehicle And Ship Armor Level 1  
  74  10:28  Terran Vehicle Weapons Level 1  
  74  10:30  SCV x2  
  76  10:42  SCV x2  
  78  10:54  SCV  
  79  11:07  Raven  
  79  11:09  SCV x2  
  83  11:15  Cyclone x3  
  92  11:21  SCV  
  92  11:23  Cyclone  
  84  11:35  Orbital Command  
  84  11:45  Hellion  
  84  11:46  Hellion  
  91  11:47  Cyclone  
  88  12:18  Thor  
  91  12:30  SCV  
  91  12:31  SCV  
  93  12:57  Refinery x2  
  93  13:17  SCV x3  
  93  13:25  Thor  
  88  13:32  Thor  
  91  13:39  Raven  
  93  13:52  SCV  
  93  13:57  SCV  
  93  14:03  Supply Depot x2  
  93  14:15  Terran Vehicle And Ship Armor Level 2  
  93  14:16  Terran Vehicle Weapons Level 2  
  93  14:17  Drilling Claws  
  93  14:25  Raven, SCV x3, Widow Mine x3  
  104  14:37  SCV x3  
  104  14:45  Thor  
  104  14:47  Command Center  
  104  14:49  SCV x2  
  96  15:07  Raven  
  96  15:11  SCV  
  96  15:12  SCV  
  97  15:19  Thor x2  
  109  15:27  Command Center  
  109  15:32  Supply Depot  
  109  15:34  Thor  
  109  15:35  Widow Mine  
  116  15:54  Widow Mine, Thor  
  116  15:56  Widow Mine  
  121  16:15  SCV  
  122  16:28  SCV  
  121  16:39  SCV x2  
  120  16:48  Hellion  
  120  16:49  Hellion  
  124  17:01  SCV  
  125  17:34  Raven  
  125  17:42  SCV  
  120  17:44  Thor  
  120  17:49  Thor  
  120  18:33  Widow Mine  
  120  18:34  Widow Mine  
  124  19:06  Siege Tank, Hellbat x2  
  123  19:38  Siege Tank  
  123  19:39  Thor  
  123  19:40  Thor  
  123  19:43  Thor  
  104  20:01  Widow Mine x2  
  104  20:04  SCV x2  
  110  20:29  Cyclone x4  
  110  20:34  Widow Mine  
  124  20:38  Supply Depot  
  124  20:50  Supply Depot  
  124  20:53  SCV  
  125  20:59  SCV x2  
  125  21:00  Widow Mine  
  125  21:01  Cyclone  
  132  21:12  Widow Mine, Thor  
  135  21:48  Thor x2  
  135  21:49  Thor  
  135  21:50  Hellbat  
  155  21:55  Supply Depot, Hellbat  
  155  21:57  Refinery  
  155  22:00  Refinery  
  149  22:22  Thor  
  153  22:26  Hellbat x2  
  151  22:46  Thor  
  157  23:21  Cyclone x2  
  157  23:25  Supply Depot  
  163  23:29  Cyclone  
  156  23:36  SCV  
  156  23:37  SCV  
  154  24:03  SCV x3  
  154  24:05  Orbital Command  
  157  24:15  SCV  
Tags
 
Composition
Mech
Matchup
PvT
Spawn Locations
Cross Positions
Add a new tag
Caveats
  • Supply blocks, unpowered buildings, or Contaminate may cause inaccurate times.
  • Supply counts are checked every 10 seconds.